 Dungeon Crawl Stone Soup version 0.30-a0-568-g124715a40b (webtiles) character file.

Game seed: 4520479180927069529

65544 Jackthecabe the Fencer (level 15, -6/82 HPs)
             Began as a Tengu Air Elementalist on Dec 29, 2022.
             Was a Priest of Vehumet.
             Shot with an arrow by Nessos (15 damage)
             ... on level 2 of the Orcish Mines.
             The game lasted 01:04:14 (32959 turns).

Jackthecabe the Fencer (Tengu Air Elementalist)    Turns: 32959, Time: 01:04:15

Health: -6/82      AC: 12    Str:  8    XL:     15   Next: 16%
Magic:  3/23       EV: 20    Int: 33    God:    Vehumet [***...]
Gold:   1778       SH:  6    Dex: 20    Spells: 6/24 levels left

rFire   . . .      SeeInvis +    W - +7 double sword "Jetraxku" {freeze, Int+6}
rCold   . . .      Faith    .    u - +0 buckler
rNeg    . . .      Spirit   .    w - +3 robe "Vielis" {Rampage Fly}
rPois   +          Reflect  .    (helmet restricted)
rElec   .          Harm     .    z - +2 cloak
rCorr   .          Rampage  +    U - +2 pair of gloves
Will    +....                    (boots unavailable)
Stlth   +++                      X - amulet of magic regeneration
HPRegen 0.33/turn                Q - ring of Gaible Wilau {Int+4 Dex+3 SInv}
MPRegen 0.58/turn                P - ring of poison resistance

@: flying quickly and evasively, quick
A: beak, talons 3, nimble flight, thin skeletal structure 1, frail 1, evolution
1
a: Renounce Religion


You were on level 2 of the Orcish Mines.
You worshipped Vehumet.
Vehumet was most pleased with you.
You visited 4 branches of the dungeon, and saw 19 of its levels.
You also visited: Bailey.

You collected 1778 gold pieces.


Innate Abilities, Weirdness & Mutations

You have a beak for a mouth.
You have claws for feet.
Your magical nature lets you fly swiftly and evasively.
You have a somewhat thin skeletal structure. (Dex +2, Stealth+)
You are frail. (-10% HP)
You have hidden genetic potential.


   Skills:
 - Level 10.0 Fighting
 - Level 16.0 Long Blades
 - Level 8.0 Armour
 - Level 8.0 Dodging
 - Level 2.0 Stealth
 - Level 7.0 Shields
 - Level 5.0 Spellcasting
 + Level 10.8 Conjurations
 - Level 9.0 Ice Magic
 - Level 9.0 Air Magic
 - Level 4.0 Poison Magic
 - Level 3.0 Evocations


You had 6 spell levels left.
You knew the following spells:

 Your Spells              Type           Power      Damage    Failure   Level
a - Airstrike             Air            30%        2d(5-21)  1%          4
f - Freezing Cloud        Conj/Ice/Air   32%        6-21      1%          5
i - Swiftness             Air            61%        N/A       1%          3
m - Mephitic Cloud        Conj/Pois/Air  57%        N/A       1%          3
t - Static Discharge      Conj/Air       100%       2-7/arc   1%          2
z - Shock                 Conj/Air       100%       1d9       1%          1

Your spell library contained the following spells:

 Spells                   Type           Power      Damage    Failure   Level
 Olgreb's Toxic Radiance  Pois           34%        N/A       3%          4
 Cigotuvi's Dreadful Rot  Necr/Pois/Air  72%        N/A       1%          2
 Poisonous Vapours        Pois/Air       100%       N/A       1%          2
 Frozen Ramparts          Ice            100%       1d16      1%          3
 Kindle Blastsparks       Fire/Tloc/Air  56%        2d14      1%          3
 Fulminant Prism          Conj/Hex       22%        3d12      1%          4
 Iskenderun's Mystic Bla  Conj/Tloc      44%        2d10      1%          4
 Iskenderun's Battlesphe  Conj           68%        2d12      1%          5
 Slow                     Hex            32%        N/A       6%          1
 Ice Form                 Ice/Tmut       37%        N/A       10%         4
 Summon Ice Beast         Ice/Summ       37%        N/A       10%         4
 Confusing Touch          Hex            8%         N/A       19%         3
 Gell's Gravitas          Tloc           8%         N/A       19%         3
 Lesser Beckoning         Tloc           16%        N/A       19%         3
 Teleport Other           Tloc           8%         N/A       19%         3
 Vampiric Draining        Necr           8%         2d6       19%         3
 Iron Shot                Conj/Erth      22%        9d5       24%         6
 Lee's Rapid Deconstruct  Erth           4%         3d5*      38%         5
 Simulacrum               Ice/Necr       18%        N/A       82%         6
 Spellforged Servitor     Conj/Summ      22%        N/A       77%         7
 Polar Vortex             Ice            30%        N/A       100%        9

Inventory:

Hand Weapons
 W - the +7 double sword "Jetraxku" (weapon) {freeze, Int+6}
   (You took it off a hobgoblin in a bailey)

   It freezes those it strikes, dealing additional cold damage.
   It can also slow down cold-blooded creatures.
   Int:       It affects your intelligence (+6).
Missiles
 V - 2 throwing nets {=f}
Armour
 a - a +0 robe
 u - a +0 buckler (worn)
 w - the +3 robe "Vielis" (worn) {Rampage Fly}
   (You found it on level 7 of the Dungeon)

   Fly:       It grants you flight.
   Rampage:   It bestows one free step when moving towards enemies.
 z - a +2 cloak (worn)
 U - a +2 pair of gloves (worn)
Magical Staves
 Z - a staff of earth {!a}
Jewellery
 c - a ring of protection from cold
 d - a +6 ring of dexterity
 s - a +6 ring of strength
 C - a ring of ice
 D - a +6 ring of dexterity
 F - an amulet of regeneration
 M - a ring of magical power
 P - a ring of poison resistance (right hand)
 Q - the ring of Gaible Wilau (left hand) {Int+4 Dex+3 SInv}
   (You found it on level 1 of the Lair of Beasts)

   [ring of see invisible]

   Int:       It affects your intelligence (+4).
   Dex:       It affects your dexterity (+3).
   SInv:      It lets you see invisible.
 R - a ring of resist corrosion
 S - a +6 ring of strength
 X - an amulet of magic regeneration (around neck)
Wands
 A - a wand of acid (5)
 G - a wand of flame (32)
 I - a wand of charming (10)
 K - a wand of roots (14)
Scrolls
 e - 5 scrolls of amnesia
 i - 5 scrolls of enchant armour
 o - 3 scrolls of blinking
 p - 13 scrolls of teleportation {@r2}
 t - 3 scrolls of magic mapping
 v - 2 scrolls of acquirement
 y - a scroll of poison {unknown}
 B - 4 scrolls of fog
 E - 2 scrolls of fear
 H - 3 scrolls of immolation
 J - a scroll of silence {!r}
 L - a scroll of brand weapon
 N - a scroll of vulnerability {unknown}
 O - a scroll of enchant weapon
Potions
 b - 2 potions of magic
 f - 4 potions of curing {@q1}
 g - 3 potions of berserk rage {!q}
 h - 5 potions of haste {@q3}
 j - 2 potions of resistance {unknown}
 k - a potion of invisibility
 l - 4 potions of might
 m - 5 potions of flight
 n - 3 potions of degeneration
 q - 2 potions of mutation
 r - 6 potions of attraction
 x - a potion of lignification {unknown}
 T - 2 potions of brilliance {unknown}
 Y - 3 potions of ambrosia {unknown}

Dungeon Overview and Level Annotations

Branches:
Dungeon (11/15)            Temple (1/1) D:7            Lair (5/5) D:8
  Swamp (0/4) Lair:2       Spider (0/4) Lair:3        Slime (0/5) Lair:4
    Orc (2/2) D:11            Elf (0/3) Orc:2        Bailey (visited)

Altars:
Ashenzari
Cheibriados
Dithmenos
Gozag
Hepliaklqana
Kikubaaqudgha
Nemelex Xobeh
Okawaru
Qazlal
Ru
Sif Muna
Trog
Uskayaw
Vehumet
Wu Jian
Xom
Yredelemnul
Zin
The Shining One
Jiyva

Shops:
Orc:2 **

Portals:
Abyss: D:6

Annotations:
D:6 2 transporters, scionoferis's ghost, novice OpTm
D:9 3 runed translucent doors, OTABOTABOTAB's ghost, novice DEEE
Lair:3 3 runed translucent doors, Junemoh's ghost, journeyman GrFi
Orc:2 Nessos

....... ...§....#
#...... ..§§....#
.##........§.§.c..#
...........§§.....##
..#................#
...................#
..............#.#.##
.............#.#...#
.....#......>...@..#
#.....#.........#.##
.......#...........#
....#.#...##...##.##
....##....#...#####
.....#...##....#
..#.###....#..##
.#### ##....### ##
###.#


You could see Nessos (fast).


Message History

Aim: Nessos, wielding a +2 longbow of flaming and wearing a +0 barding of flying (freezing vapour, heavily wounded, fast, empty space bonus: 8/8)
The air twists around and strikes Nessos!
Nessos is severely wounded.
Nessos gestures wildly while chanting.
Nessos blinks!
Nessos intently looks at you, slowly moving their tail.
Nessos shoots an arrow.
The arrow hits you! The arrow burns you!
* * * LOW HITPOINT WARNING * * *
Casting: Airstrike (safe; 1% risk of failure)
Confirm with . or Enter, or press ? or * to list all spells.
Aiming: Airstrike (safe; 1% risk of failure)
Press: ? - help, Dir - move target, f/p - Nessos
Aim: Nessos, wielding a +2 longbow of flaming and wearing a +0 barding of flying (severely wounded, fast, empty space bonus: 8/8)
The air twists around and strikes Nessos!
Nessos is almost dead.
Nessos shoots an arrow.
The arrow hits you!!
* * * LOW HITPOINT WARNING * * *
The arrow burns you!
* * * LOW HITPOINT WARNING * * *
Nessos shoots an arrow.
The arrow barely misses you.
Casting: Airstrike (safe; 1% risk of failure)
Confirm with . or Enter, or press ? or * to list all spells.
You don't have enough magic to cast this spell.
Unknown command.
Okay, then.
Nessos shoots an arrow.
The arrow barely misses you.
Nessos mumbles some strange words.
Nessos blinks!
Nessos shoots an arrow.
The arrow hits you!
You die...

Skill      XL: |  1  2  3  4  5  6  7  8  9 10 11 12 13 14 15 |
---------------+----------------------------------------------+-----
Conjurations   | 2 3 4 7 8 9 10 | 10.8
Air Magic      | 5 6 7 8 9 |  9.0
Spellcasting   | 3 4 5 |  5.0
Fighting       | 2 4 6 9 10 | 10.0
Poison Magic   | 3 4 |  4.0
Ice Magic      | 4 5 8 9 |  9.0
Shields        | 3 6 7 |  7.0
Dodging        | 5 8 |  8.0
Evocations     | 3 |  3.0
Armour         | 2 8 |  8.0
Long Blades    | 10 15 16 | 16.0
Stealth        | |  2.0

Action                   |  1- 3 |  4- 6 |  7- 9 | 10-12 | 13-15 || total
-------------------------+-------+-------+-------+-------+-------++-------
Melee: Unarmed           |     5 |     6 |     2 |     6 |       ||    19
       Peck              |     2 |       |       |     4 |    44 ||    50
       Kick              |     1 |     2 |     1 |    12 |    66 ||    82
       Punch             |     1 |       |       |       |       ||     1
       Double sword      |       |       |       |    20 |   183 ||   203
 Cast: Shock             |    68 |   139 |   196 |   257 |   361 ||  1021
       Static Discharge  |     5 |    27 |    62 |     6 |    20 ||   120
       Mephitic Cloud    |       |       |     9 |     7 |     8 ||    24
       Airstrike         |       |       |     2 |   212 |   201 ||   415
       Freezing Cloud    |       |       |     1 |    21 |    54 ||    76
Evoke: Wand              |       |       |       |     5 |       ||     5
  Use: Scroll            |       |     5 |     8 |     4 |     8 ||    25
       Potion            |       |       |     5 |     1 |     1 ||     7
 Stab: Confused          |       |       |       |       |     1 ||     1
       Petrified         |       |       |       |       |     1 ||     1
Armor: Robe              |     4 |     6 |    20 |    54 |    30 ||   114
Dodge: Dodged            |    36 |    37 |    92 |   139 |   222 ||   526
Block: Buckler           |       |       |    23 |    50 |    68 ||   141

Levels and vault maps discovered:
D:1:      wander_arrival_desolate, layout_basic
D:2:      layout_basic, basic_altar, ebering_dispersal_statue_hall, uniq_robin
D:3:      layout_rooms, okawaru_ov_weapons_minmay, mainiacjoe_overflow_brackets,
          shapermc_ecumenical_altar_rom_forum, st_stairs_8, minmay_bisected
D:4:      layout_loops_cross, lemuel_crystal_altar
D:5:      corexii_shack_village, layout_loops_ring, kennysheep_cluttered_room
D:6:      layout_loops_ring, lemuel_round_altar, gammafunk_ghost_abyssal_escape,
          lightli_church_of_beogh
D:7:      layout_basic, minmay_temple_entry_crystal_x
D:8:      cheibrodos_grave_circle, layout_cave_pools, amcnicky_altar_gilded,
          kennysheep_mini, lair_entry_dummy, uniq_grum
D:9:      layout_long_grid, mainiacjoe_overflow_alcove_2,
          biasface_ghost_orc_armoury
D:10:     hangedman_cross_cluster, layout_cave_pods,
          mainiacjoe_overflow_small_starburst, nicolae_wu_jian_glorious_leap,
          enter_bailey_5, minmay_misc_feat_cross, uniq_psyche, uniq_harold
D:11:     layout_roguey, erik_orc_2
Temple:   nicolae_temple_bog_church
Lair:1:   layout_concentric_octagons, minmay_holes, serial_bayou_shore_b
Lair:2:   layout_chaotic_city, swamp_mist_pool, serial_bayou_crossing, uniq_urug
Lair:3:   layout_cave_shapes, hellmonk_spider_entry_life_and_decay,
          gammafunk_ghost_hydra_chop, chequers_serial_rivers_micro_b,
          lemuel_fruit_tree, uniq_sonja
Lair:4:   nzn_winding_woodlands_large [nzn_winding_woodlands_5x5_default,
          nzn_winding_woodlands_5x15_lazy_stream,
          nzn_winding_woodlands_5x5_cross,
          nzn_winding_woodlands_center_triple_pond,
          nzn_winding_woodlands_15x15_killbox,
          nzn_winding_woodlands_center_diamonds,
          nzn_winding_woodlands_5x5_checkerboard,
          nzn_winding_woodlands_5x15_zeroes,
          nzn_winding_woodlands_5x5_open_star], layout_small_grid, slime_entry_1
Lair:5:   grunt_lair_end_beastmaster, layout_regular_city
Orc:1:    layout_caves
Orc:2:    pf_orc_diabolical, layout_caves, basic_altar, guppyfry_orc_lava_fort,
          uniq_nessos

Notes
Turn   | Place    | Note
-------+----------+-------------------------------------------
     0 | D:1      | Jackthecabe the Tengu Air Elementalist began the quest for
                  | the Orb.
     0 | D:1      | Reached XP level 1. HP: 10/10 MP: 4/4
   245 | D:1      | Reached skill level 2 in Conjurations
   245 | D:1      | Reached XP level 2. HP: 8/15 MP: 1/6
   493 | D:1      | Learned a level 2 spell: Static Discharge
   860 | D:1      | Reached XP level 3. HP: 19/19 MP: 0/7
  1190 | D:1      | Reached skill level 3 in Conjurations
  1208 | D:1      | HP: 1/19 [jackal (3)]
  1540 | D:2      | Reached skill level 5 in Air Magic
  1582 | D:2      | Noticed Robin
  1660 | D:1      | Killed Robin
  1661 | D:1      | Reached XP level 4. HP: 9/24 MP: 0/8
  1803 | D:1      | Learned a level 4 spell: Airstrike
  1911 | D:2      | Reached skill level 4 in Conjurations
  2017 | D:2      | Reached skill level 6 in Air Magic
  2060 | D:2      | Gained mutation: Your magical nature lets you fly swiftly
                  | and evasively. [Tengu growth]
  2060 | D:2      | Reached XP level 5. HP: 27/28 MP: 2/9
  2487 | D:2      | Found a shimmering altar of Xom.
  2747 | D:3      | Found an iron altar of Okawaru.
  2986 | D:3      | Found a glowing golden altar of the Shining One.
  3319 | D:3      | Reached skill level 7 in Air Magic
  3497 | D:3      | Found a faded altar of an unknown god.
  3505 | D:3      | Got Plato's Octavo of Execration
  3669 | D:4      | Found an opulent altar of Gozag.
  3874 | D:4      | Reached XP level 6. HP: 27/32 MP: 5/10
  4515 | D:4      | Reached skill level 3 in Spellcasting
  4529 | D:4      | Reached skill level 8 in Air Magic
  4839 | D:5      | Entered Level 5 of the Dungeon
  4871 | D:5      | Reached skill level 1 in Fighting
  4960 | D:5      | Reached skill level 2 in Fighting
  4963 | D:5      | Reached XP level 7. HP: 40/40 MP: 12/12
  5223 | D:5      | Learned a level 3 spell: Mephitic Cloud
  5239 | D:5      | Reached skill level 3 in Fighting
  5382 | D:5      | Reached skill level 4 in Fighting
  5428 | D:5      | Reached skill level 1 in Poison Magic
  5507 | D:5      | Reached skill level 2 in Poison Magic
  5704 | D:5      | Reached skill level 3 in Poison Magic
  5805 | D:5      | Reached XP level 8. HP: 48/48 MP: 13/13
  6170 | D:6      | Found a runed translucent door.
  6202 | D:6      | Reached skill level 4 in Poison Magic
  6375 | D:6      | Reached skill level 4 in Spellcasting
  6381 | D:6      | Learned a level 5 spell: Freezing Cloud
  6424 | D:6      | Found a transporter.
  6431 | D:6      | Reached skill level 1 in Ice Magic
  6450 | D:6      | Noticed a small abomination
  6451 | D:6      | Found a one-way gate to the infinite horrors of the Abyss.
  6451 | D:6      | Noticed scionoferis's ghost (novice OpTm)
  6451 | D:6      | Noticed a worldbinder
  6568 | D:6      | Found a sacrificial altar of Ru.
  6572 | D:6      | Reached skill level 2 in Ice Magic
  6576 | D:6      | Reached skill level 3 in Ice Magic
  6582 | D:6      | HP: 4/48 [poisoned by a water moccasin]
  7147 | D:6      | Reached skill level 4 in Ice Magic
  7147 | D:6      | Reached skill level 1 in Shields
  7193 | D:6      | Found a transporter.
  7195 | D:6      | Noticed a toenail golem
  7318 | D:6      | Reached skill level 2 in Shields
  7325 | D:6      | Reached skill level 3 in Shields
  7466 | D:6      | Reached XP level 9. HP: 49/52 MP: 16/16
  7496 | D:6      | Reached skill level 4 in Shields
  7841 | D:7      | Reached skill level 5 in Shields
  8195 | D:7      | Found a staircase to the Ecumenical Temple.
  8740 | D:7      | Identified the +3 robe "Vielis" {Rampage Fly}
  8768 | D:7      | Reached skill level 6 in Shields
  9041 | D:8      | Noticed Grum
  9212 | D:8      | Reached skill level 5 in Conjurations
  9227 | D:8      | Killed Grum
  9291 | D:7      | Reached skill level 5 in Ice Magic
  9410 | D:8      | Noticed a two-headed ogre
  9416 | D:8      | HP: 3/50 [howler monkey (5)]
  9534 | D:7      | Reached skill level 6 in Conjurations
  9834 | D:8      | Noticed a hellwing
  9862 | D:6      | HP: 3/50 [hellwing (5)]
  9863 | D:6      | Killed a hellwing
 10142 | D:6      | Reached skill level 7 in Conjurations
 10143 | D:6      | Reached XP level 10. HP: 39/56 MP: 17/17
 10319 | D:8      | Killed a two-headed ogre
 10320 | D:8      | Reached skill level 8 in Conjurations
 10320 | D:8      | Reached skill level 6 in Ice Magic
 10638 | D:8      | Reached skill level 7 in Ice Magic
 10980 | D:8      | Reached skill level 8 in Ice Magic
 11051 | D:8      | Reached skill level 3 in Dodging
 11100 | D:8      | Found a staircase to the Lair.
 11141 | D:8      | Reached skill level 4 in Dodging
 11374 | D:8      | Reached skill level 5 in Dodging
 11676 | D:8      | Found a shimmering altar of Xom.
 11793 | D:8      | Found a glowing silver altar of Zin.
 11834 | D:8      | Reached XP level 11. HP: 61/61 MP: 7/18
 12001 | D:8      | Reached skill level 9 in Conjurations
 12001 | D:8      | Reached skill level 9 in Air Magic
 12652 | D:9      | Found a runed translucent gate.
 12656 | D:9      | Noticed OTABOTABOTAB's ghost (novice DEEE)
 12658 | D:9      | Identified the +0 plate armour of Rationality {Int+4 Dex-2}
 12659 | D:9      | Reached skill level 9 in Ice Magic
 12809 | D:9      | Found a runed translucent gate.
 12811 | D:9      | Found a runed translucent gate.
 13415 | D:9      | Found a basalt altar of Yredelemnul.
 14087 | D:10     | Entered Level 10 of the Dungeon
 14092 | D:10     | Found a flagged portal.
 14108 | Bailey   | Entered a bailey
 14254 | Bailey   | Reached skill level 5 in Spellcasting
 14342 | Bailey   | Noticed an orc sorcerer
 14347 | Bailey   | Killed an orc sorcerer
 14348 | Bailey   | Reached skill level 2 in Evocations
 14664 | Bailey   | Reached skill level 3 in Evocations
 14988 | Bailey   | Found an iron altar of Okawaru.
 14990 | Bailey   | Noticed an orc high priest
 14991 | Bailey   | Identified the +7 double sword "Jetraxku" {freeze, Int+6}
 15303 | Bailey   | Reached skill level 5 in Fighting
 15446 | Bailey   | Killed an orc high priest
 15447 | Bailey   | Reached skill level 6 in Fighting
 15911 | D:10     | Reached skill level 6 in Dodging
 16260 | D:10     | Noticed a cyclops
 16398 | D:10     | Killed a cyclops
 16399 | D:10     | Reached skill level 7 in Dodging
 16502 | D:10     | Noticed a six-headed hydra
 16636 | D:10     | Killed a six-headed hydra
 16689 | D:10     | Reached skill level 8 in Dodging
 16820 | D:10     | Noticed a manticore
 16824 | D:10     | Identified the +5 steam dragon scales of Tenacity {+Blink
                  | rPois SInv}
 16824 | D:10     | Noticed a centaur warrior
 16826 | D:10     | Killed a manticore
 16827 | D:10     | Reached skill level 2 in Armour
 16827 | D:10     | Reached XP level 12. HP: 61/70 MP: 11/20
 16840 | D:10     | Killed a centaur warrior
 16841 | D:10     | Reached skill level 3 in Armour
 17091 | D:10     | Reached skill level 4 in Armour
 17142 | D:10     | Reached skill level 5 in Armour
 17323 | D:10     | Reached skill level 6 in Armour
 17577 | D:10     | Noticed a two-headed ogre
 17578 | D:10     | Noticed a two-headed ogre
 17583 | D:10     | Killed a two-headed ogre
 17584 | D:10     | Reached skill level 7 in Armour
 17730 | D:10     | Killed a two-headed ogre
 17797 | D:10     | Found a bloodstained altar of Trog.
 17813 | D:10     | Found an ornate altar of the Wu Jian Council.
 17853 | D:10     | Noticed Psyche
 17953 | D:10     | Killed Psyche
 18198 | D:10     | Noticed Harold
 18428 | D:10     | Reached skill level 8 in Armour
 18917 | D:10     | Killed Harold
 19354 | D:11     | Reached skill level 7 in Fighting
 19577 | D:11     | Reached skill level 8 in Fighting
 19648 | D:11     | Noticed a two-headed ogre
 19679 | D:11     | Killed a two-headed ogre
 19830 | D:11     | Reached skill level 7 in Shields
 19919 | D:11     | Noticed a boulder beetle
 19932 | D:11     | Killed a boulder beetle
 19934 | D:11     | Noticed a two-headed ogre
 20491 | D:11     | Killed a two-headed ogre
 20492 | D:11     | Reached skill level 9 in Fighting
 20492 | D:11     | Reached XP level 13. HP: 80/80 MP: 21/21
 20974 | D:11     | Found a staircase to the Orcish Mines.
 21131 | Lair:1   | Entered Level 1 of the Lair of Beasts
 21140 | Lair:1   | Learned a level 3 spell: Swiftness
 21519 | Lair:1   | Identified the ring of Gaible Wilau {Int+4 Dex+3 SInv}
 21709 | Lair:1   | You are sucked into a shaft and drop 1 floor!
 21897 | Lair:2   | Reached skill level 10 in Fighting
 21898 | Lair:2   | Reached skill level 1 in Long Blades
 22029 | Lair:2   | Reached skill level 2 in Long Blades
 22056 | Lair:2   | Reached skill level 3 in Long Blades
 22247 | Lair:2   | Found a staircase to the Swamp.
 22385 | Lair:2   | Noticed Urug
 22393 | Lair:2   | Killed Urug
 22394 | Lair:2   | Reached skill level 4 in Long Blades
 22647 | Lair:2   | Reached skill level 5 in Long Blades
 22781 | Lair:2   | Reached skill level 6 in Long Blades
 23743 | Lair:3   | Found a runed translucent gate.
 23744 | Lair:3   | Found a runed translucent gate.
 23744 | Lair:3   | Noticed Junemoh's ghost (journeyman GrFi)
 23745 | Lair:3   | Found a runed translucent gate.
 23865 | Lair:2   | Reached skill level 7 in Long Blades
 24523 | Lair:3   | Reached skill level 8 in Long Blades
 24714 | Lair:3   | Found a hole to the Spider Nest.
 24724 | Lair:3   | Noticed Sonja
 24953 | Lair:2   | Gained mutation: You are frail. (-10% HP) [potion of
                  | mutation]
 24953 | Lair:2   | Gained mutation: You have hidden genetic potential. [potion
                  | of mutation]
 24953 | Lair:2   | Gained mutation: You have a somewhat thin skeletal
                  | structure. (Dex +2, Stealth+) [potion of mutation]
 25057 | Lair:2   | Reached skill level 9 in Long Blades
 25158 | Lair:3   | Killed Sonja
 25932 | Lair:3   | Reached skill level 10 in Long Blades
 26733 | Lair:4   | Reached XP level 14. HP: 25/79 MP: 16/22
 26733 | Lair:4   | HP: 6/79 [cloud of freezing vapour (19)]
 26747 | Lair:3   | Reached skill level 11 in Long Blades
 27285 | Lair:4   | Found a viscous altar of Jiyva.
 27287 | Lair:4   | Found a staircase to the Slime Pits.
 27469 | Temple   | Entered the Ecumenical Temple
 27554 | Temple   | Became a worshipper of Vehumet
 27931 | Lair:4   | Reached skill level 12 in Long Blades
 28695 | Lair:4   | Reached skill level 13 in Long Blades
 28861 | Lair:4   | Reached * piety under Vehumet
 28861 | Lair:4   | Offered knowledge of Magic Dart by Vehumet.
 29734 | Lair:4   | Reached skill level 14 in Long Blades
 30002 | Lair:5   | Entered Level 5 of the Lair of Beasts
 30282 | Lair:5   | Reached skill level 15 in Long Blades
 30470 | Lair:5   | Offered knowledge of Kiss of Death by Vehumet.
 30479 | Lair:5   | Reached ** piety under Vehumet
 30536 | Lair:5   | Identified the +3 leather armour "Ytona" {Str+7 Stlth+}
 31136 | Lair:5   | Reached XP level 15. HP: 82/82 MP: 7/23
 31147 | Lair:5   | Reached skill level 16 in Long Blades
 31750 | Orc:1    | Entered Level 1 of the Orcish Mines
 32079 | Orc:1    | Reached skill level 10 in Conjurations
 32262 | Orc:1    | Offered knowledge of Hailstorm by Vehumet.
 32642 | Orc:2    | Entered Level 2 of the Orcish Mines
 32745 | Orc:2    | Reached *** piety under Vehumet
 32816 | Orc:2    | Found Feintap's General Store.
 32867 | Orc:2    | Found Asezxu's General Store.
 32872 | Orc:2    | Offered knowledge of Olgreb's Toxic Radiance by Vehumet.
 32935 | Orc:2    | Found a staircase to the Elven Halls.
 32950 | Orc:2    | Noticed Nessos
 32957 | Orc:2    | HP: 8/82 [Nessos/arrow (9)]
 32959 | Orc:2    | Shot with an arrow by Nessos

Vanquished Creatures
  4 hydras
  Harold (D:10)
  3 catoblepae
  2 boulder beetles
  A centaur warrior (D:10)
  5 two-headed ogres
  A deep troll shaman (Lair:5)
  An orc high priest (Bailey)
  9 death yaks
  Urug (Lair:2)
  Sonja (Lair:3)
  2 fire crabs (Lair:4)
  A lindwurm (Lair:5)
  A wolf spider zombie (D:8)
  2 orc knights
  An orc sorcerer (Bailey)
  An ugly thing (D:11)
  A cyclops (D:10)
  3 manticores (D:10)
  A rust devil (Orc:2)
  9 black mambas
  5 centaur zombies (D:8)
  10 elephants
  6 cane toads
  A gargoyle (D:10)
  5 torpor snails (Lair:4)
  3 rime drakes
  8 komodo dragons
  Psyche (D:10)
  2 hellwings
  A red devil (Orc:2)
  2 polar bears (Lair:5)
  2 hornets
  2 trolls
  10 blink frogs
  6 dream sheep (Lair:2)
  A shadow (D:10)
  A culicivora (Lair:3)
  A wraith (D:10)
  69 yaks
  A vampire (D:10)
  6 wyverns
  Grum (D:8)
  4 basilisks
  2 acid dragons (D:10)
  18 water moccasins
  31 orc warriors
  2 black bears
  An ice beast (D:5)
  5 ogres
  17 wolves
  A phantom (D:5)
  7 centaurs
  2 kobold brigands
  12 bullfrogs
  5 scorpions
  A gnoll sergeant (D:9)
  4 wights
  20 killer bees
  6 electric eels
  5 howler monkeys
  3 hounds
  4 jellies
  15 orc priests
  8 iguanas
  19 orc wizards
  4 hell rats (Lair:3)
  Robin (D:1)
  4 gnolls (Bailey)
  5 adders
  4 shadow imps
  A white imp (D:8)
  2 ufetubi (D:4)
  3 worms
  5 dart slugs
  94 orcs
  5 ball pythons
  6 endoplasms
  A giant cockroach (D:3)
  26 goblins
  20 hobgoblins
  6 jackals
  3 quokkas
  3 bats
  8 frilled lizards
  19 kobolds
  7 rats
614 creatures vanquished.

Vanquished Creatures (others)
  33 fungi
  52 plants
  5 withered plants (D:8)
90 creatures vanquished.

Grand Total: 704 creatures vanquished

Table legend: (Time is in decaauts)
 A = Elapsed time spent in this place.
 B = Non-inter-level travel time spent in this place.
 C = Inter-level travel time spent in this place.
 D = Time resting spent in this place.
 E = Time spent auto-exploring this place.
 F = Levels seen in this place.
 G = Mean time per level.
                   A        B        C        D        E       F      G
               +--------+--------+--------+--------+--------+-----+--------+
         Total |  31805 |  30487 |   1318 |  11139 |  15056 |  20 | 1590.2 |
       Dungeon |  19210 |  18318 |    892 |   6251 |   9749 |  11 | 1746.4 |
        Temple |     90 |     67 |     23 |      0 |     59 |   1 |   90.0 |
          Lair |  10021 |   9668 |    353 |   4024 |   4220 |   5 | 2004.2 |
  Orcish Mines |    848 |    799 |     49 |    108 |    499 |   2 |  424.0 |
        Bailey |   1634 |   1634 |      0 |    755 |    527 |   1 | 1634.0 |
               +--------+--------+--------+--------+--------+-----+--------+

Top non-repeatable levels by time:
  Lair:2: 3012 daAuts
    D:10: 2898 daAuts
     D:7: 2673 daAuts
     D:9: 2513 daAuts
  Lair:4: 2469 daAuts
  Lair:3: 2446 daAuts
    D:11: 1805 daAuts
     D:6: 1663 daAuts
  Bailey: 1634 daAuts
     D:1: 1547 daAuts
     D:8: 1514 daAuts
  Lair:5: 1496 daAuts
     D:5: 1378 daAuts
     D:2: 1112 daAuts
     D:3: 1106 daAuts

Table legend:
 A = Non-vault XP
 B = Vault XP
 C = Vault XP percentage of total XP
 D = Non-vault monster count
 E = Vault monster count
 F = Vault count percentage of total count
                 A         B        C        D         E       F
            +---------+---------+-------+---------+---------+-------
      Total |   54268 |   39367 |  42.0 |     391 |     223 |  36.3
            +---------+---------+-------+---------+---------+-------
        D:1 |      40 |      15 |  27.3 |      21 |       1 |   4.5
        D:2 |     111 |      21 |  15.9 |      27 |      11 |  28.9
        D:3 |      65 |       8 |  11.0 |      25 |       4 |  13.8
        D:4 |     262 |       0 |   0.0 |      22 |       0 |   0.0
        D:5 |     766 |      17 |   2.2 |      20 |       9 |  31.0
        D:6 |     915 |     814 |  47.1 |      17 |      26 |  60.5
        D:7 |    1244 |     240 |  16.2 |      22 |       2 |   8.3
        D:8 |    1721 |    3627 |  67.8 |      13 |      12 |  48.0
        D:9 |    1589 |     283 |  15.1 |      25 |       2 |   7.4
       D:10 |    1900 |    8751 |  82.2 |      13 |      26 |  66.7
       D:11 |    6365 |     983 |  13.4 |      27 |      20 |  42.6
     Lair:1 |    1130 |       0 |   0.0 |       4 |       0 |   0.0
     Lair:2 |    8948 |     790 |   8.1 |      40 |       1 |   2.4
     Lair:3 |   11100 |    1003 |   8.3 |      46 |       2 |   4.2
     Lair:4 |    7409 |    9484 |  56.1 |      27 |      21 |  43.8
     Lair:5 |   10118 |    7001 |  40.9 |      26 |      17 |  39.5
      Orc:1 |     467 |       0 |   0.0 |      15 |       0 |   0.0
      Orc:2 |     118 |    2640 |  95.7 |       1 |      28 |  96.6
     Bailey |       0 |    3690 | 100.0 |       0 |      41 | 100.0
            +---------+---------+-------+---------+---------+-------
